 Dungeon Crawl Stone Soup version 0.32-a0-42-ga30500b4d3 (webtiles) character file.

Game seed: 12639596727814170255

16555 lunkers the Geomancer (level 12, 0/118 HPs)
             Began as an Oni Earth Elementalist on Feb 1, 2024.
             Was an Elder of Vehumet.
             Slain by a death yak (18 damage)
             ... led by a torpor snail
             ... on level 1 of the Lair of Beasts on Feb 2, 2024.
             The game lasted 00:30:39 (13497 turns).

lunkers the Geomancer (Oni Earth Elementalist)     Turns: 13497, Time: 00:30:40

Health: 0/118      AC: 12    Str: 15    XL:     12   Next: 38%
Magic:  6/36       EV:  9    Int: 20    God:    Vehumet [****..]
Gold:   730        SH:  5    Dex: 15    Spells: 12/34 levels left

rFire   . . .        o - +4 quarterstaff (chaos)
rCold   . . .        (shield currently unavailable)
rNeg    . . .        N - +0 acid dragon scales
rPois   .            f - +3 hat of the Spheres {Stlth+}
rElec   .            p - +1 cloak
rCorr   +            (gloves unavailable)
SInv    .            (boots unavailable)
Will    +....        l - amulet of reflection
Stlth   ++           K - ring of magical power
HPRegen 0.39/turn    h - +6 ring of dexterity
MPRegen 0.25/turn

%: reflection
@: no status effects
A: large, unfitting armour, horns 1, tough skin 1, double potion healing,
drunken brawling
a: Renounce Religion


You were on level 1 of the Lair of Beasts.
You worshipped Vehumet.
Vehumet was greatly pleased with you.
You visited 3 branches of the dungeon, and saw 13 of its levels.
You also visited: Ossuary.

You collected 730 gold pieces.

Inventory:

Hand Weapons
 o - a +4 quarterstaff of chaos (weapon)
 q - a +1 mace of holy wrath
 s - a +0 dagger
 E - a +3 scimitar
Armour
 f - the +3 hat of the Spheres (worn) {Stlth+}
   (You acquired it on level 2 of the Dungeon)

   Stlth+:    It makes you more stealthy.
 p - a +1 cloak (worn)
 A - +0 steam dragon scales
 N - +0 acid dragon scales (worn)
 O - a +2 hat of intelligence
Jewellery
 a - a ring of flight
 h - a +6 ring of dexterity (right hand)
 i - a ring of resist corrosion
 l - an amulet of reflection (around neck)
 y - a ring of protection from cold
 G - a ring of ice
 J - an amulet of faith
 K - a ring of magical power (left hand)
 P - a ring of fire
Wands
 j - a wand of flame (80)
 r - a wand of polymorph (3)
 u - a wand of iceblast (5)
 w - a wand of paralysis (13)
 C - a wand of mindburst (20)
Scrolls
 k - 6 scrolls of teleportation
 t - 2 scrolls of immolation
 v - 3 scrolls of enchant weapon
 x - a scroll of identify
 D - a scroll of amnesia
 F - a scroll of revelation
 I - 3 scrolls of silence
 M - a scroll of enchant armour
 Q - a scroll of poison
Potions
 b - 2 potions of magic
 c - 4 potions of cancellation
 d - 2 potions of mutation
 e - 4 potions of brilliance
 g - a potion of heal wounds
 m - 9 potions of curing
 n - 2 potions of might
 z - 2 potions of ambrosia
 B - 2 potions of lignification
 H - a potion of haste
 L - a potion of invisibility


   Skills:
 + Level 7.1 Fighting
 - Level 1.7 Dodging
 - Level 1.4 Stealth
 + Level 11.5 Spellcasting
 + Level 6.9 Conjurations
 * Level 13.4 Earth Magic


You had 12 spell levels left.
You knew the following spells:

 Your Spells              Type           Power      Damage    Failure   Level
a - Stone Arrow           Conj/Erth      100%       3d13      1%          3
b - Passwall              Erth           60%        N/A       1%          3
c - Sandblast             Erth           100%       2d20      1%          1
d - Lee's Rapid Deconstr  Erth           30%        3d16*     1%          5
e - Brom's Barrelling Bo  Conj/Erth      51%        2d7       1%          4
f - Bombard               Conj/Erth      25%        9d5       5%          6

Your spell library contained the following spells:

 Spells                   Type           Power      Damage    Failure   Level
 Yara's Violent Unravell  Hex/Alch       5%         3d4       50%         5
 Foxfire                  Conj/Fire      100%       2x1d9     1%          1
 Kiss of Death            Conj/Necr      100%       2d13      1%          1
 Hailstorm                Conj/Ice       25%        3d7       1%          3
 Freeze                   Ice            44%        1d6       2%          1
 Iskenderun's Battlesphe  Conj           39%        2d9       3%          5
 Animate Armour           Summ/Erth      76%        N/A       5%          4
 Leda's Liquefaction      Alch/Erth      19%        N/A       5%          4
 Petrify                  Alch/Erth      38%        N/A       5%          4
 Frozen Ramparts          Ice            22%        1d4       7%          3
 Confusing Touch          Hex            11%        N/A       26%         3
 Summon Ice Beast         Ice/Summ       11%        N/A       26%         3
 Starburst                Conj/Fire      12%        6d5       58%         6
 Dispel Undead            Necr           11%        3d9       63%         4
 Summon Lightning Spire   Summ/Air       11%        N/A       63%         4
 Plasma Beam              Fire/Air       5%         2x1d16    95%         6


Dungeon Overview and Level Annotations

Branches:
Dungeon (11/15)            Temple (1/1) D:6            Lair (1/5) D:11
    Orc (0/2) D:11        Ossuary (visited)

Altars:
Ashenzari
Cheibriados
Dithmenos
Elyvilon
Fedhas
Gozag
Hepliaklqana
Makhleb
Nemelex Xobeh
Okawaru
Qazlal
Ru
Sif Muna
Trog
Uskayaw
Vehumet
Wu Jian
Xom
Yredelemnul
Zin
The Shining One

Shops:
D:2 *[!


Innate Abilities, Weirdness & Mutations

You are too large for most types of armour.
You have a pair of small horns on your head.
You have tough skin. (AC +1)
You gain doubled healing and magic from potions.
Whenever you drink a healing potion, you attack all around you.


Message History

You are too injured to fight recklessly!
Unknown command.
Casting: Stone Arrow (safe; 1% risk of failure)
Confirm with . or Enter, or press ? or * to list all spells.
Aiming: Stone Arrow (safe; 1% risk of failure)
Press: ? - help, Shift-Dir - straight line, f/p - death yak
Aim: a death yak (severely wounded, 92% to hit)
The stone arrow hits the death yak!!
The death yak is almost dead.
The death yak gores you!
* * * LOW HITPOINT WARNING * * *
Casting: Stone Arrow (safe; 1% risk of failure)
Confirm with . or Enter, or press ? or * to list all spells.
Aiming: Stone Arrow (safe; 1% risk of failure)
Press: ? - help, Shift-Dir - straight line, f/p - death yak
Aim: a death yak (almost dead, 92% to hit)
The stone arrow hits the death yak!!
You kill the death yak!
Vehumet accepts your kill.
Unknown command.
Casting: Stone Arrow (safe; 1% risk of failure)
Confirm with . or Enter, or press ? or * to list all spells.
Aiming: Stone Arrow (safe; 1% risk of failure)
Press: ? - help, Shift-Dir - straight line, f - death yak
Aim: a death yak (moderately wounded, 92% to hit)
The stone arrow hits the death yak!
The death yak is heavily wounded.
* * * LOW MAGIC WARNING * * *
The death yak gores you!
* * * LOW HITPOINT WARNING * * *
Casting: Stone Arrow (safe; 1% risk of failure)
Confirm with . or Enter, or press ? or * to list all spells.
Aiming: Stone Arrow (safe; 1% risk of failure)
Press: ? - help, Shift-Dir - straight line, f/p - death yak
Aim: a death yak (heavily wounded, 92% to hit)
The stone arrow hits the death yak!
The death yak is severely wounded.
* * * LOW MAGIC WARNING * * *
The death yak gores you!!
You die...

.#..........# ........#
P####.####### .......# ##
#....### ..... # ##.#...#
#+..# # ####..# #..#
##...### #####'#### #
#......#####........# ## #
#......##..Y........# #. #
#......##.@#........# #. #
#......#..##........# #. #
#......#..##........# #. #
#........###........######.
+ #P.......##
#.........#...'. #
.........##
#........'..###. #
###......# #........#####..
# ######.# #.........# ###
# ### ##+.##.####


You could see a death yak.

Vanquished Creatures
  Gastronok (Lair:1)
  A boulder beetle (D:11)
  Erica (D:11)
  2 two-headed ogres
  4 death yaks
  A cane toad (Lair:1)
  Maggie (D:7)
  2 unseen horrors (D:11)
  2 komodo dragons (Lair:1)
  A torpor snail (Lair:1)
  3 trolls
  Grinder (D:3)
  A hornet (D:10)
  Sigmund (D:4)
  2 wraiths
  2 wyverns
  The ghost of Slingman the Trooper, an amateur HOFi (D:4)
  3 steam dragons
  6 yaks (D:10)
  Eustachio (D:4)
  3 vampire mosquitoes (D:11)
  An acid dragon (D:11)
  2 water moccasins (Lair:1)
  An ice beast (D:7)
  A black bear (Lair:1)
  7 orc warriors
  A sky beast (D:8)
  4 ogres
  5 centaurs
  2 elf zombies (Ossuary)
  A kobold brigand (D:9)
  Blork the orc (D:4)
  7 bullfrogs
  2 gnoll sergeants
  3 scorpions
  7 wights
  15 killer bees
  A howler monkey (D:11)
  3 centaur zombies (Ossuary)
  3 hounds
  3 bombardier beetles
  A human zombie (Ossuary)
  8 orc priests
  Crazy Yiuf (D:3)
  A sleepcap (D:7)
  2 iguanas
  6 orc wizards
  A hell rat (D:11)
  2 ogre zombies (Ossuary)
  7 mummies (Ossuary)
  Robin (D:4)
  11 gnolls
  4 adders
  A shadow imp (D:5)
  A white imp (D:8)
  A ribbon worm zombie (D:7)
  5 adder zombies (Ossuary)
  2 ribbon worms
  3 dart slugs
  26 orcs
  9 endoplasms
  A giant cockroach (D:1)
  A gnoll zombie (Ossuary)
  9 hobgoblins
  4 jackals (D:1)
  10 kobolds
  3 quokkas
  4 ball pythons
  7 bats
  2 frilled lizards
  16 goblins
  2 goblin zombies (Ossuary)
  3 hobgoblin zombies (Ossuary)
  A jackal zombie (D:7)
  3 kobold zombies (Ossuary)
  An orc zombie (Ossuary)
  4 quokka zombies (Ossuary)
  7 rats
  3 rat zombies (Ossuary)
284 creatures vanquished.

Vanquished Creatures (collateral kills)
  2 boulders (D:11)
2 creatures vanquished.

Vanquished Creatures (others)
  2 boulders (D:11)
2 creatures vanquished.

Grand Total: 288 creatures vanquished

Notes
Turn   | Place    | Note
-------+----------+-------------------------------------------
     0 | D:1      | lunkers the Oni Earth Elementalist began the quest for the
                  | Orb.
     0 | D:1      | Reached XP level 1. HP: 16/16 MP: 3/3
   128 | D:1      | Reached skill level 3 in Earth Magic
   134 | D:1      | Reached XP level 2. HP: 24/24 MP: 1/5
   579 | D:1      | Reached XP level 3. HP: 31/31 MP: 0/7
  1225 | D:2      | Learned a level 3 spell: Passwall
  1229 | D:2      | Learned a level 3 spell: Stone Arrow
  1268 | D:2      | Found a sparkling altar of Nemelex Xobeh.
  1323 | D:2      | Found Golycvor's Assorted Antiques.
  1507 | D:2      | Found Huclonu's Armour Shop.
  1539 | D:2      | Reached XP level 4. HP: 39/39 MP: 6/9
  1544 | D:2      | Identified a scroll of acquirement
  1544 | D:2      | Acquired the +3 hat of the Spheres {Stlth+}
  1572 | D:2      | Reached skill level 4 in Earth Magic
  1748 | D:2      | Found Jawiysm's Distillery.
  2173 | D:3      | Reached XP level 5. HP: 32/45 MP: 3/10
  2387 | D:3      | Noticed Grinder
  2408 | D:3      | Killed Grinder
  2409 | D:3      | Reached skill level 5 in Earth Magic
  2409 | D:3      | Reached XP level 6. HP: 32/53 MP: 0/13
  2525 | D:3      | Got the Precepts of the Snowflakes and Kinetic Energy
  2748 | D:3      | Found a runed translucent door.
  2749 | D:3      | Noticed Crazy Yiuf
  2919 | D:3      | Killed Crazy Yiuf
  2981 | D:4      | Noticed Sigmund
  2987 | D:4      | Killed Sigmund
  2988 | D:4      | Reached skill level 5 in Spellcasting
  2988 | D:4      | Reached skill level 6 in Earth Magic
  2988 | D:4      | Reached XP level 7. HP: 59/59 MP: 9/14
  3162 | D:4      | Noticed Eustachio
  3195 | D:4      | Killed Eustachio
  3451 | D:4      | Noticed Blork the orc
  3456 | D:4      | Killed Blork the orc
  3457 | D:4      | Reached skill level 7 in Earth Magic
  3457 | D:4      | Reached XP level 8. HP: 67/67 MP: 13/17
  3468 | D:4      | Learned a level 5 spell: Lee's Rapid Deconstruction
  3503 | D:4      | Noticed Slingman's ghost (amateur HOFi)
  3507 | D:4      | Found a runed translucent door.
  3645 | D:4      | Noticed Robin
  3652 | D:4      | Killed Robin
  3852 | D:4      | Found a white marble altar of Elyvilon.
  3855 | D:4      | Found a stormy altar of Qazlal.
  4010 | D:4      | Killed Slingman's ghost
  4111 | D:5      | Entered Level 5 of the Dungeon
  4257 | D:5      | Reached skill level 8 in Earth Magic
  4344 | D:5      | Found a shadowy altar of Dithmenos.
  4413 | D:5      | Found a shimmering altar of Xom.
  4413 | D:5      | Found a shimmering blue altar of Sif Muna.
  4895 | D:6      | Found a staircase to the Ecumenical Temple.
  4946 | Temple   | Entered the Ecumenical Temple
  5053 | Temple   | Became a worshipper of Vehumet
  5097 | D:6      | Found a bloodstained altar of Trog.
  5981 | D:7      | Found a sand-covered staircase.
  5983 | D:7      | Reached XP level 9. HP: 74/74 MP: 18/20
  6009 | Ossuary  | Entered an ossuary
  6093 | Ossuary  | Reached skill level 9 in Earth Magic
  6302 | Ossuary  | Reached * piety under Vehumet
  6302 | Ossuary  | Offered knowledge of Shock by Vehumet.
  6561 | Ossuary  | Reached skill level 1 in Conjurations
  6671 | D:7      | Found a sparkling altar of Nemelex Xobeh.
  6690 | D:7      | Noticed Maggie
  6698 | D:7      | Paralysed by Maggie for 4 turns
  6703 | D:7      | Killed Maggie
  6972 | D:7      | Found a broken altar of Ashenzari.
  7040 | D:7      | Reached skill level 10 in Earth Magic
  7306 | D:8      | Offered knowledge of Searing Ray by Vehumet.
  7311 | D:8      | Reached ** piety under Vehumet
  7395 | D:8      | Noticed a troll
  7399 | D:8      | Killed a troll
  7524 | D:8      | Reached XP level 10. HP: 74/81 MP: 15/22
  8528 | D:9      | Reached skill level 11 in Earth Magic
  8597 | D:9      | Offered knowledge of Static Discharge by Vehumet.
  8798 | D:9      | Found a basalt altar of Yredelemnul.
  8803 | D:9      | Noticed a two-headed ogre
  8811 | D:9      | Killed a two-headed ogre
  9076 | D:9      | Reached skill level 1 in Fighting
  9266 | D:10     | Entered Level 10 of the Dungeon
  9274 | D:10     | Reached *** piety under Vehumet
  9367 | D:10     | Reached skill level 10 in Spellcasting
  9945 | D:10     | Reached skill level 5 in Conjurations
  9945 | D:10     | Reached XP level 11. HP: 75/94 MP: 15/25
 10177 | D:10     | Offered knowledge of Sticky Flame by Vehumet.
 10178 | D:10     | Reached skill level 12 in Earth Magic
 10183 | D:10     | Learned a level 4 spell: Brom's Barrelling Boulder
 10190 | D:10     | Learned a level 6 spell: Bombard
 10495 | D:10     | Found a blossoming altar of Fedhas.
 10529 | D:10     | Found a sacrificial altar of Ru.
 11022 | D:11     | Noticed a boulder beetle
 11062 | D:11     | Noticed a death yak
 11076 | D:11     | Killed a boulder beetle
 11162 | D:11     | Noticed a death yak
 11175 | D:11     | Noticed a death yak
 11523 | D:11     | Found a staircase to the Lair.
 11523 | D:11     | Noticed a two-headed ogre
 11530 | D:11     | Killed a two-headed ogre
 11534 | D:11     | Noticed Erica
 11575 | D:11     | Killed a death yak
 11576 | D:11     | Reached skill level 5 in Fighting
 11599 | D:11     | Killed a death yak
 11603 | D:11     | HP: 1/104 [death yak (16)]
 11785 | D:11     | Killed a death yak
 11966 | D:11     | Killed Erica
 12172 | D:11     | Found a hazy altar of Hepliaklqana.
 12210 | D:11     | Reached **** piety under Vehumet
 12337 | D:11     | Found a staircase to the Orcish Mines.
 12482 | D:11     | Reached XP level 12. HP: 114/114 MP: 24/27
 12482 | D:11     | Offered knowledge of Yara's Violent Unravelling by Vehumet.
 12488 | D:11     | Reached skill level 13 in Earth Magic
 12818 | Lair:1   | Entered Level 1 of the Lair of Beasts
 13152 | Lair:1   | Noticed Gastronok
 13165 | Lair:1   | Killed Gastronok
 13476 | Lair:1   | Noticed a death yak
 13478 | Lair:1   | Noticed a death yak
 13495 | Lair:1   | Killed a death yak
 13497 | Lair:1   | Slain by a death yak

Illustrated notes

Levels and vault maps discovered:
D:1:      dpeg_arrival_rhombi, layout_loops_ring
D:2:      layout_loops_ring, serial_shops,
          nicolae_shop_temple_entry_statues_fountains, shop, shop, basic_altar
D:3:      layout_basic, uniq_crazy_yiuf_cottage, uniq_grinder
D:4:      cheibrodos_old_hovel, layout_loops_ring, nicolae_overflow_squiral,
          hellmonk_ghost_happy_afterlife, uniq_blork_the_orc, uniq_eustachio,
          uniq_sigmund, uniq_robin
D:5:      layout_loops_cross, lemuel_tele_altar, jmf_multi_god_temple
D:6:      layout_basic, amcnicky_altar_gilded, minmay_temple_entry_large_hall
D:7:      layout_loops_cross, nemelex_dance_club_becter,
          nicolae_overflow_hidden_temple, ashenzari_conservatory_becter,
          enter_ossuary_3, uniq_maggie
D:8:      layout_basic, minmay_misc_feat_ornament
D:9:      layout_basic, mainiacjoe_overflow_tiny_flanked, dk_noncrumbling_4
D:10:     layout_layer_cave, mainiacjoe_overflow_two_lobes, dk_noncrumbling_3,
          grunt_decor_fettered
D:11:     layout_loops_ring, dpeg_lair_monsters, david_orc_4,
          nzn_hepliaklqana_mist_gate, uniq_erica
Temple:   hellmonk_temple_micro_hex
Lair:1:   layout_roguey, columned_hall_lemuel, uniq_gastronok

Skill      XL: |  1  2  3  4  5  6  7  8  9 10 11 12 |
---------------+-------------------------------------+-----
Earth Magic    | 3 4 5 6 7 8 10 11 12 13 | 13.4
Spellcasting   | 3 4 5 6 7 8 10 11 | 11.5
Conjurations   | 3 5 6 |  6.9
Fighting       | 2 6 7 |  7.1
Dodging        | |  1.7
Stealth        | |  1.4

Action                     |  1- 3 |  4- 6 |  7- 9 | 10-12 || total
---------------------------+-------+-------+-------+-------++-------
  Melee: Unarmed           |     5 |       |       |       ||     5
         Headbutt          |     1 |       |     2 |       ||     3
         Quarterstaff      |       |       |    10 |       ||    10
   Cast: Sandblast         |    64 |    44 |   189 |   172 ||   469
         Stone Arrow       |       |       |    10 |   115 ||   125
         Lee's Rapid Decon |       |       |     2 |     7 ||     9
         Brom's Barrelling |       |       |       |     5 ||     5
    Use: Scroll            |       |     8 |    12 |     7 ||    27
         Potion            |       |       |       |     1 ||     1
 Armour: Robe              |    21 |    16 |    82 |       ||   119
         Steam dragon scal |       |       |    15 |   172 ||   187
         Acid dragon scale |       |       |       |    11 ||    11
  Dodge: Dodged            |    13 |    17 |    54 |    84 ||   168
  Block: Other             |       |       |    30 |    37 ||    67
         Reflection        |       |       |     1 |     4 ||     5

Table legend: (Time is in decaauts)
 A = Elapsed time spent in this place.
 B = Non-inter-level travel time spent in this place.
 C = Inter-level travel time spent in this place.
 D = Time resting spent in this place.
 E = Time spent auto-exploring this place.
 F = Levels seen in this place.
 G = Mean time per level.
                   A        B        C        D        E       F      G
               +--------+--------+--------+--------+--------+-----+--------+
         Total |  13787 |  13412 |    375 |    100 |  11446 |  14 |  984.8 |
       Dungeon |  12332 |  11962 |    370 |      0 |  10364 |  11 | 1121.1 |
        Temple |    117 |    113 |      4 |    100 |      0 |   1 |  117.0 |
          Lair |    723 |    723 |      0 |      0 |    618 |   1 |  723.0 |
       Ossuary |    613 |    613 |      0 |      0 |    464 |   1 |  613.0 |
               +--------+--------+--------+--------+--------+-----+--------+

Top non-repeatable levels by time:
    D:11: 2044 daAuts
    D:10: 1577 daAuts
     D:1: 1196 daAuts
     D:4: 1163 daAuts
     D:8: 1149 daAuts
     D:3: 1040 daAuts
     D:7: 907 daAuts
     D:6: 855 daAuts
     D:9: 849 daAuts
     D:2: 793 daAuts
     D:5: 754 daAuts
  Lair:1: 723 daAuts
 Ossuary: 613 daAuts
  Temple: 117 daAuts
